General information
			
			
        
        - name: Local Game (NADMaN)
 
        - type: Custom game
 
        - host: NADMaN
 
        - saver: NADMaN
 
        
map: RoadToStratholme 
        - players: 7
 
        - length: 06:07
 
        - speed: Fast
 - version: 1.22 W3XP
 - replay type:  Public
 
» download(43 KB)
Players
        team 1 (winner) 
              
              
» 
timg4strok (
blue | 136 APM | 831 actions | 06:05)
              
 2 Death Knight 
 1 Death Coil
 1 Unholy Aura
 
                » actions 
                
                | Assign group hotkey | 14 |  | 
| Basic commands | 40 |  | 
| Build / train | 21 |  | 
| Enter build submenu | 10 |  | 
| Enter hero's abilities submenu | 2 |  | 
| Right click | 473 |  | 
| Select / deselect | 101 |  | 
| Select group hotkey | 148 |  | 
| Use ability | 22 |  | 
                831 total
 » units 
                » buildings
                
                | Crypt | 1 |  | 
| Altar of Darkness | 1 |  | 
| Ziggurat | 2 |  | 
| Tomb of Relics | 1 |  | 
| Necropolis | 1 |  | 
| Halls of the Dead | 2 |  | 
| Nerubian Tower | 1 |  | 
                9 total
 » build order
                00:04 Crypt
00:09 Altar of Darkness
00:24 Ziggurat
00:48 Tomb of Relics
01:28 Necropolis
03:00 Halls of the Dead
03:00 Halls of the Dead
03:51 Nerubian Tower
05:03 Ziggurat
» items
                 
               team 2 (loser) 
              
              
p.rower (
gray | 148 APM | 902 actions | 06:05)
              
 1 Archmage 
 1 Summon Water Elemental
 
                » actions 
                
                | Assign group hotkey | 67 |  | 
| Basic commands | 2 |  | 
| Build / train | 26 |  | 
| Enter build submenu | 9 |  | 
| Enter hero's abilities submenu | 1 |  | 
| Right click | 432 |  | 
| Select / deselect | 115 |  | 
| Select group hotkey | 221 |  | 
| Use ability | 29 |  | 
                902 total
 » units 
                » buildings
                
                | Altar of Kings | 2 |  | 
| Barracks | 1 |  | 
| Farm | 3 |  | 
| Scout Tower | 1 |  | 
| Arcane Tower | 2 |  | 
| Keep | 2 |  | 
| Lumber Mill | 1 |  | 
| Arcane Vault | 1 |  | 
                13 total
 » build order
                00:06 Altar of Kings
00:07 Altar of Kings
00:18 Barracks
00:33 Farm
01:03 Farm
01:33 Farm
02:36 Scout Tower
03:05 Arcane Tower
03:06 Arcane Tower
04:02 Keep
04:02 Keep
04:03 Lumber Mill
04:47 Arcane Vault
 
               observersNADMaN, 
BEAR_AND, 
Mata., 
iggy_the_fisk, 
bLinn Chat log
          (00:15 / All) timg4strok: gl hf FUCk
(00:19 / All) timg4strok: nah j/k
(00:22 / All) timg4strok: was fooling you
(00:22 / All) p.rower: quit ghoulin' around
(00:28 / Observers) NADMaN: oh shit
(00:31 / Observers) NADMaN: he knows
(00:36 / Observers) timg4strok: mapha ck
(00:37 / Observers) timg4strok: fucking
(00:38 / Observers) timg4strok: maphack
(00:39 / Observers) timg4strok: u c dat
(00:40 / Observers) NADMaN: lol
(00:53 / Observers) BEAR_AND: sync?
(01:16 / Observers) BEAR_AND: worst sync
(01:26 / Observers) Mata.: this way i get a feel for ventrilo lag
(01:28 / Observers) Mata.: its like 1-2 sec
(01:33 / Observers) NADMaN: yes
(01:35 / All) timg4strok: yeahhhhhhh
(01:42 / Observers) NADMaN: double
(01:43 / Observers) NADMaN: necro
(01:43 / Observers) NADMaN: what
(01:44 / Observers) BEAR_AND: second nec
(01:44 / Observers) Mata.: dk
(01:49 / Observers) NADMaN: opolis
(01:49 / Observers) BEAR_AND: not quite cookie cutter
(01:51 / Observers) BEAR_AND: but it's done
(01:52 / Observers) BEAR_AND: sometimes
(01:56 / Observers) BEAR_AND: am
(01:57 / All) p.rower: what
(01:58 / Observers) BEAR_AND: for prower
(02:00 / Observers) NADMaN: haha
(02:02 / All) p.rower: joke?
(02:03 / Observers) Mata.: dual nec is kind of popular this patch because of reduced build time
(02:06 / All) timg4strok: huh
(02:24 / Observers) Mata.: saves lumber, costs 100 gold and is much better tank
(02:29 / Observers) Mata.: he read it in the veeg
(02:30 / Observers) Mata.: prob
(02:37 / Observers) iggy_the_fisk: "am need tank" - th000
(02:44 / Observers) Mata.: plus makes it impossible for prower to harass acos at t2
(02:45 / All) p.rower: is this new pro build
(02:46 / Observers) Mata.: or atleast, futile
(02:52 / Observers) BEAR_AND: not pro build
(02:57 / Observers) BEAR_AND: but some veeg folk discussed it
(03:14 / Observers) NADMaN: ouch
(03:14 / Observers) BEAR_AND: it's no wood and gives 10food
(03:15 / Observers) NADMaN: jack
(03:34 / Observers) BEAR_AND: bad coil
(03:43 / Observers) NADMaN: lost a ghoul
(04:17 / Observers) Mata.: didnt go for either way - undead is gay rhyme
(04:19 / Observers) BEAR_AND: ah.....text painting.....notice while discussing "the ground" the vocal phrasing suggested the ground
(04:19 / Observers) NADMaN: surroubnd
(04:50 / Observers) NADMaN: 2
(04:52 / Observers) BEAR_AND: timg got plenty gold
(04:53 / Observers) BEAR_AND: and level2
(05:00 / Observers) Mata.: down 1 aco
(05:01 / Observers) Mata.: there we go
(05:05 / All) p.rower: that wasn't a misclick?
(05:06 / Observers) BEAR_AND: Free Kin Experience
(05:06 / Observers) iggy_the_fisk: alas no lumber
(05:08 / All) timg4strok: nope
(05:17 / All) timg4strok: onl 250 gold
(05:24 / All) timg4strok: good for making aco when im teching
(05:27 / Observers) NADMaN: coil
(05:29 / Observers) NADMaN: foot
(05:35 / Observers) BEAR_AND: only one coil of mana
(05:36 / Observers) NADMaN: denyt
(05:36 / Observers) NADMaN: lol
(05:37 / Observers) BEAR_AND: yop
(05:39 / Observers) NADMaN: close
(05:41 / Observers) iggy_the_fisk: a deny was denied
(05:51 / All) p.rower: unfamiliar with the new gimmick builds
(06:03 / Observers) BEAR_AND: OWNED